 Dungeon Crawl Stone Soup version 0.30.0-18-gc0e69614cb (webtiles) character file.

Game seed: 4217404039818395219

1060 Strat the Magician (level 8, -35/58 HPs)
             Began as a Djinni Fire Elementalist on May 25, 2023.
             Engulfed by a cloud of freezing vapour (40 damage)
             ... on level 5 of the Dungeon.
             The game lasted 00:11:32 (5560 turns).

Strat the Magician (Djinni Fire Elementalist)       Turns: 5560, Time: 00:11:32

Health: -35/58     AC:  6    Str: 15    XL:     8   Next: 52%
Gold:   251        EV: 12    Int: 23    God:
                   SH:  0    Dex: 14

rFire   + + .        a - +0 falchion
rCold   x . .        (no shield)
rNeg    . . .        k - +0 leather armour
rPois   ∞            u - +1 helmet "Dalaaff" {Will++}
rElec   .            q - +0 cloak
rCorr   .            (no gloves)
SInv    .            (boots unavailable)
Will    ++...        (no amulet)
Stlth   ++           r - +6 ring of strength
HPRegen 0.29/turn    p - +6 ring of intelligence
MPRegen 0.00/turn

%: infuse magic (-36 HP)
@: mighty, flying
A: sickness immunity, fire resistance 2, cold vulnerability 1, float, innate
caster, HP casting, extra vitality 1
a: no special abilities


You were on level 5 of the Dungeon.
You visited 1 branch of the dungeon, and saw 5 of its levels.
You also visited: Sewer.

You collected 251 gold pieces.

Inventory:

Hand Weapons
 a - a +0 falchion (weapon)
 o - a +2 dagger of speed
Missiles
 l - 13 poisoned darts
 n - 4 datura-tipped darts
Armour
 k - a +0 leather armour (worn)
 q - a +0 cloak (worn)
 u - the +1 helmet "Dalaaff" (worn) {Will++}
   (You found it in a sewer)

   Will:      It greatly increases your willpower.
Jewellery
 p - a +6 ring of intelligence (right hand)
 r - a +6 ring of strength (left hand)
Wands
 v - a wand of charming (9)
Scrolls
 b - 2 scrolls of identify {unknown}
 c - a scroll of magic mapping {unknown}
 d - 4 scrolls of teleportation {unknown}
 f - a scroll of poison {unknown}
 g - 2 scrolls of vulnerability {unknown}
 h - 6 scrolls of silence {unknown}
 t - a scroll of butterflies {unknown}
 w - a scroll of noise {unknown}
Potions
 e - 2 potions of cancellation {unknown}
 i - a potion of berserk rage {unknown}
 j - 2 potions of magic {unknown}
 m - a potion of might
 s - a potion of brilliance {unknown}
 x - a potion of heal wounds {unknown}


   Skills:
 + Level 4.5 Fighting
 - Level 2.1 Dodging
 - Level 1.5 Stealth
 * Level 6.7 Spellcasting


You knew the following spells:

 Your Spells              Type           Power      Damage    Failure   Level
a - Foxfire               Conj/Fire      100%       2x1d9     1%          1
b - Scorch                Fire           76%        2d8       1%          2
c - Volatile Blastmotes   Fire/Tloc      76%        2d16      1%          3
d - Inner Flame           Hex/Fire       38%        N/A       1%          3
e - Flame Wave            Conj/Fire      38%        2d10      6%          4
f - Necrotise             Necr           100%       1d9       1%          1
g - Passwall              Tmut/Erth      31%        N/A       1%          2
h - Ignite Poison         Fire/Tmut/Pois 38%        N/A       1%          3
Your spell library was empty.

Dungeon Overview and Level Annotations

Branches:
Dungeon (5/15)              Sewer (visited)
 Temple: D:4-7

Altars:


Innate Abilities, Weirdness & Mutations

You are immune to sickness and miasma.
You are immune to poison.
Your flesh is very heat resistant. (rF++)
You are vulnerable to cold. (rC-)
You float through the air rather than walking.
You learn spells naturally, not from books.
Your magical power is your life essence.
You have superior vitality. (+4 MHP)


Message History

You now have 244 gold pieces (gained 10).
You reach down and open the door.
An ufetubus comes into view.
The ufetubus shouts!
There is an open door here.
Casting: Scorch (safe; 1% risk of failure)
Confirm with . or Enter, or press ? or * to list all spells.
Flames lash the ufetubus.
The ufetubus is burned terribly!
You kill the ufetubus!
Casting: Scorch (safe; 1% risk of failure)
Confirm with . or Enter, or press ? or * to list all spells.
Okay, then.
An orc is nearby!
Casting: Scorch (safe; 1% risk of failure)
Confirm with . or Enter, or press ? or * to list all spells.
Flames lash the orc.
You kill the orc!
You see here a +0 hand axe.
Found a rapier.
You now have 251 gold pieces (gained 7).
There is an open door here.
There is an open door here.
There is an open door here.
There is an open door here.
Partly explored, can't reach some places.
Partly explored, can't reach some places.
You reach down and open the door.
There is an open door here.
Really fly into a travel-excluded area?
You are engulfed in freezing vapours.
Ouch! That really hurt!
* * * LOW HITPOINT WARNING * * *
You are engulfed in freezing vapours.
* * * LOW HITPOINT WARNING * * *
Okay, then.
It was a potion of might.
You feel very mighty all of a sudden.
You are engulfed in freezing vapours.
Ouch! That really hurt!
You die...

...##.####.#..##.#$##....#...#...
#####.#....#...'.#$#######...#...
......#.####...#○#$## #####...
.#....#.# #####○#$## #...
.#....#.# ##○#$## #... ##....#.#
##○#.## #... :'....'.# ##○#.##
#..^ ##....### ##○#.## #...
#....# ##@#.## #### #....#
##○#.## #....# ##○#.## # #....#
##.#.## # #....# ##.#○## # ######
##.#○## # ##.#○## # ### ##.#.## #
..# ######### #.#.## #


There were no monsters in sight!

Vanquished Creatures
  Sigmund (D:3)
  2 ice beasts
  An ogre (D:4)
  A phantom (D:5)
  2 bullfrogs (Sewer)
  2 orc priests (D:4)
  A sleepcap (D:5)
  An iguana (D:5)
  Robin (D:2)
  11 adders
  A gnoll (D:1)
  3 shadow imps (D:5)
  An ufetubus (D:5)
  A worm (D:4)
  3 dart slugs
  16 orcs
  14 ball pythons
  11 endoplasms
  10 giant cockroaches
  15 goblins
  5 hobgoblins
  2 jackals (D:2)
  12 quokkas
  3 bats
  12 frilled lizards
  7 kobolds
  6 rats
145 creatures vanquished.

Vanquished Creatures (others)
  102 foxfires
102 creatures vanquished.

Grand Total: 247 creatures vanquished

Notes
Turn   | Place    | Note
-------+----------+-------------------------------------------
     0 | D:1      | Strat the Djinni Fire Elementalist began the quest for the
                  | Orb.
     0 | D:1      | Strat set off with the following spells memorised: Foxfire,
                  | Scorch, Volatile Blastmotes, Inner Flame, Flame Wave.
     0 | D:1      | Reached XP level 1. HP: 15/15 MP: 0/0
    76 | D:1      | Reached XP level 2. HP: 19/21 MP: 0/0
   319 | D:1      | Reached skill level 3 in Spellcasting
   353 | D:1      | Reached XP level 3. HP: 20/25 MP: 0/0
   353 | D:1      | Learned a level 1 spell: Necrotise
   522 | D:1      | Found a faded altar of an unknown god.
   898 | D:2      | Reached XP level 4. HP: 28/31 MP: 0/0
  1241 | D:2      | Reached skill level 4 in Spellcasting
  1309 | D:2      | Noticed Robin
  1313 | D:2      | Killed Robin
  1343 | D:2      | Reached XP level 5. HP: 19/35 MP: 0/0
  1343 | D:2      | Learned a level 2 spell: Passwall
  2206 | D:3      | Noticed Sigmund
  2301 | D:3      | Killed Sigmund
  2302 | D:3      | Reached skill level 5 in Spellcasting
  2302 | D:3      | Reached XP level 6. HP: 37/43 MP: 0/0
  2898 | D:4      | Reached XP level 7. HP: 36/49 MP: 0/0
  2898 | D:4      | Learned a level 3 spell: Ignite Poison
  4125 | D:5      | Entered Level 5 of the Dungeon
  4247 | D:5      | Found a glowing drain.
  4267 | Sewer    | Entered a sewer
  4512 | Sewer    | Reached skill level 6 in Spellcasting
  4713 | Sewer    | Reached XP level 8. HP: 48/58 MP: 0/0
  4770 | Sewer    | Identified the +1 helmet "Dalaaff" {Will++}
  5560 | D:5      | Engulfed by a cloud of freezing vapour

Illustrated notes

Levels and vault maps discovered:
D:1:      minmay_arrival_stone_box, layout_basic,
          hellmonk_ecumenical_altar_blasted
D:2:      layout_basic, uniq_robin
D:3:      layout_basic, uniq_sigmund
D:4:      layout_loops_corners, patterned_corridor
D:5:      lemuel_ice_spiral_2, layout_basic, gup_sewer_entry_pipe,
          hangedman_decor_riveting

Skill      XL: |  1  2  3  4  5  6  7  8 |
---------------+-------------------------+-----
Spellcasting   | 3 4 5 6 |  6.7
Fighting       | 2 3 4 |  4.5
Dodging        | |  2.1
Stealth        | |  1.5

Action                     |  1- 3 |  4- 6 |  7- 9 || total
---------------------------+-------+-------+-------++-------
  Melee: Unarmed           |     1 |       |       ||     1
         Mace              |     3 |       |       ||     3
         Falchion          |       |    29 |    12 ||    41
   Cast: Foxfire           |    38 |    14 |     8 ||    60
         Scorch            |     5 |    44 |    87 ||   136
    Use: Potion            |       |       |     1 ||     1
   Stab: Sleeping          |       |     2 |       ||     2
 Armour: Robe              |     1 |     1 |       ||     2
         Leather armour    |       |    13 |     7 ||    20
  Dodge: Dodged            |     8 |    16 |    23 ||    47
